Workbook

Sheet 工资汇总表
A2: 基本信息 | H2: 其他项核算 | N2: 应发核算 | R2: 社保、公积金及个税 | Y2: 实发总额 | Z2: 备注
A3: 单位名称 | B3: 月末人数 | C3: 月工资标准 | D3: 应出勤天数 | E3: 基本薪资 | F3: 绩效奖金 | G3: 年度奖金 | H3: 加班工资 | I3: 绩效考核 | J3: 假期工资 | K3: 其他 | L3: 佣金 | M3: 小计 | N3: 当月日均工资 | O3: 当月日均奖金 | P3: 实际出勤天数 | Q3: 应发总额 | R3: 养老金 | S3: 失业金 | T3: 医疗金 | U3: 大额医疗保险 | V3: 公积金 | W3: 税金 | X3: 小计
A4: 新疆通力房地产开发有限公司库尔勒二分公司 | B4: =工资表!A17 -> 14 | C4: =工资表!E18 -> 136200 | E4: =工资表!G18 -> 89240 | F4: =工资表!H18 -> 36760 | G4: =工资表!I18 -> 10200 | H4: =工资表!J18 -> 0 | I4: =工资表!K18 -> -2062 | K4: =工资表!M18 -> 33140 | L4: =工资表!N18 -> 9620.34 | M4: =工资表!O18 -> 40698.34 | N4: =工资表!P18 -> 0 | O4: =工资表!Q18 -> 0 | Q4: =工资表!S18 -> 166698.34 | R4: =工资表!T18 -> 4055.2 | S4: =工资表!U18 -> 253.5 | T4: =工资表!V18 -> 1013.8 | U4: =工资表!W18 -> 193.19 | V4: =工资表!X18 -> 2700 | W4: =工资表!Y18 -> 3614.39 | X4: =工资表!Z18 -> 11830.08 | Y4: =工资表!AA18 -> 154868.26

Sheet 工资表
A1: 新疆通力房地产开发有限公司库尔勒二分公司2026年6月工资表
A2: 序号 | B2: 基本信息 | J2: 其他项核算 | P2: 应发核算 | T2: 社保、公积金及个税 | AA2: 实发总额 | AB2: 备注
B3: 姓名 | C3: 岗位 | D3: 职务序列 | E3: 月工资标准 | F3: 应出勤 天数 | G3: 基本薪资 | H3: 绩效奖金 | I3: 年度奖金 | J3: 加班工资 | K3: 绩效考核 | L3: 假期工资 | M3: 其他 | N3: 佣金 | O3: 小计 | P3: 当月日均工资 | Q3: 当月日均奖金 | R3: 实际出勤天数 | S3: 应发总额 | T3: 养老金 | U3: 失业金 | V3: 医疗金 | W3: 大额医疗保险 | X3: 公积金 | Y3: 税金 | Z3: 小计
A4: 1 | B4: 李全伟 | C4: 业务支持中心副总经理 | D4: M1 | E4: 30000 | F4: 21 | G4: =E4*VLOOKUP(D4,职务序列取数!B:E,2,0) -> 15300 | H4: =E4*VLOOKUP(D4,职务序列取数!B:E,3,0) -> 10200 | I4: =E4*VLOOKUP(D4,职务序列取数!B:E,4,0) -> 4500 | K4: -2062 | M4: -20 | O4: =SUM(J4:N4) -> -2082 | P4: =G4/F4 -> 728.57143 | Q4: =H4/F4 -> 485.71429 | R4: =VLOOKUP(B4,考勤!B:AI,34,0) -> 21 | S4: =(P4*R4)+(Q4*R4)+O4 -> 23418 | T4: =405.52 -> 405.52 | U4: 25.35 | V4: =101.38 -> 101.38 | W4: 21.12 | X4: 350 | Z4: =SUM(T4:Y4) -> 903.37 | AA4: =S4-Z4 -> 22514.63 | AB4: 未打卡一次
A5: 2 | B5: 杨文杰 | C5: 工程管理部副经理 | D5: M2 | E5: 20000 | F5: 21 | G5: =E5*VLOOKUP(D5,职务序列取数!B:E,2,0) -> 10200 | H5: =E5*VLOOKUP(D5,职务序列取数!B:E,3,0) -> 6800 | I5: =E5*VLOOKUP(D5,职务序列取数!B:E,4,0) -> 3000 | M5: =5000-20 -> 4980 | O5: =SUM(J5:N5) -> 4980 | P5: =G5/F5 -> 485.71429 | Q5: =H5/F5 -> 323.80952 | R5: =VLOOKUP(B5,考勤!B:AI,34,0) -> 21 | S5: =(P5*R5)+(Q5*R5)+O5 -> 21980 | T5: =405.52 -> 405.52 | U5: 25.35 | V5: 101.38 | W5: 21.12 | X5: =350 -> 350 | Y5: 1026.24 | Z5: =SUM(T5:Y5) -> 1929.61 | AA5: =S5-Z5 -> 20050.39 | AB5: 迟到一次
A6: 3 | B6: 徐惠蓉 | C6: 投资开发部副经理 | D6: M2 | E6: 18000 | F6: 21 | G6: =E6*VLOOKUP(D6,职务序列取数!B:E,2,0) -> 9180 | H6: =E6*VLOOKUP(D6,职务序列取数!B:E,3,0) -> 6120 | I6: =E6*VLOOKUP(D6,职务序列取数!B:E,4,0) -> 2700 | M6: =300-20 -> 280 | O6: =SUM(J6:N6) -> 280 | P6: =G6/F6 -> 437.14286 | Q6: =H6/F6 -> 291.42857 | R6: =VLOOKUP(B6,考勤!B:AI,34,0) -> 21 | S6: =(P6*R6)+(Q6*R6)+O6 -> 15580 | Y6: 566.91 | Z6: =SUM(T6:Y6) -> 566.91 | AA6: =S6-Z6 -> 15013.09 | AB6: 未打卡一次
A7: 4 | B7: 沈陈瑾慧 | C7: 会计 | D7: PB | E7: 7000 | F7: 21 | G7: =E7*VLOOKUP(D7,职务序列取数!B:E,2,0) -> 5600 | H7: =E7*VLOOKUP(D7,职务序列取数!B:E,3,0) -> 1400 | I7: =E7*VLOOKUP(D7,职务序列取数!B:E,4,0) -> 0 | O7: =SUM(J7:N7) -> 0 | P7: =G7/F7 -> 266.66667 | Q7: =H7/F7 -> 66.666667 | R7: =VLOOKUP(B7,考勤!B:AI,34,0) -> 21 | S7: =(P7*R7)+(Q7*R7)+O7 -> 7000 | T7: =405.52 -> 405.52 | U7: =25.35 -> 25.35 | V7: =101.38 -> 101.38 | W7: 10 | X7: =250 -> 250 | Z7: =SUM(T7:Y7) -> 792.25 | AA7: =S7-Z7 -> 6207.75
A8: 5 | B8: 管丽萍 | C8: 人事运营 | D8: PB | E8: 6000 | F8: 21 | G8: =E8*VLOOKUP(D8,职务序列取数!B:E,2,0) -> 4800 | H8: =E8*VLOOKUP(D8,职务序列取数!B:E,3,0) -> 1200 | I8: =E8*VLOOKUP(D8,职务序列取数!B:E,4,0) -> 0 | M8: 700 | O8: =SUM(J8:N8) -> 700 | P8: =G8/F8 -> 228.57143 | Q8: =H8/F8 -> 57.142857 | R8: =VLOOKUP(B8,考勤!B:AI,34,0) -> 21 | S8: =(P8*R8)+(Q8*R8)+O8 -> 6700 | T8: =405.52 -> 405.52 | U8: 25.35 | V8: 101.38 | W8: 10 | X8: 250 | Z8: =SUM(T8:Y8) -> 792.25 | AA8: =S8-Z8 -> 5907.75
A9: 6 | B9: 刘科 | C9: 招采工程师 | D9: PB | E9: 7500 | F9: 21 | G9: =E9*VLOOKUP(D9,职务序列取数!B:E,2,0) -> 6000 | H9: =E9*VLOOKUP(D9,职务序列取数!B:E,3,0) -> 1500 | I9: =E9*VLOOKUP(D9,职务序列取数!B:E,4,0) -> 0 | M9: =2000-20 -> 1980 | O9: =SUM(J9:N9) -> 1980 | P9: =G9/F9 -> 285.71429 | Q9: =H9/F9 -> 71.428571 | R9: =VLOOKUP(B9,考勤!B:AI,34,0) -> 21 | S9: =(P9*R9)+(Q9*R9)+O9 -> 9480 | T9: =405.52 -> 405.52 | U9: 25.35 | V9: 101.38 | W9: 21.12 | X9: 250 | Z9: =SUM(T9:Y9) -> 803.37 | AA9: =S9-Z9 -> 8676.63 | AB9: 未打卡一次
A10: 7 | B10: 高建梅 | C10: 出纳 | D10: PB | E10: 6500 | F10: 21 | G10: =E10*VLOOKUP(D10,职务序列取数!B:E,2,0) -> 5200 | H10: =E10*VLOOKUP(D10,职务序列取数!B:E,3,0) -> 1300 | I10: =E10*VLOOKUP(D10,职务序列取数!B:E,4,0) -> 0 | M10: 200 | O10: =SUM(J10:N10) -> 200 | P10: =G10/F10 -> 247.61905 | Q10: =H10/F10 -> 61.904762 | R10: =VLOOKUP(B10,考勤!B:AI,34,0) -> 21 | S10: =(P10*R10)+(Q10*R10)+O10 -> 6700 | T10: =405.52 -> 405.52 | U10: 25.35 | V10: 101.38 | W10: 21.12 | X10: 250 | Z10: =SUM(T10:Y10) -> 803.37 | AA10: =S10-Z10 -> 5896.63
A11: 8 | B11: 周佳奇 | C11: 造价工程师 | D11: PB | E11: 7800 | F11: 21 | G11: =E11*VLOOKUP(D11,职务序列取数!B:E,2,0) -> 6240 | H11: =E11*VLOOKUP(D11,职务序列取数!B:E,3,0) -> 1560 | I11: 0 | M11: =5000-20 -> 4980 | O11: =SUM(J11:N11) -> 4980 | P11: =G11/F11 -> 297.14286 | Q11: =H11/F11 -> 74.285714 | R11: =VLOOKUP(B11,考勤!B:AI,34,0) -> 21 | S11: =(P11*R11)+(Q11*R11)+O11 -> 12780 | T11: =405.52 -> 405.52 | U11: 25.35 | V11: 101.38 | W11: 21.12 | X11: 250 | Z11: =SUM(T11:Y11) -> 803.37 | AA11: =S11-Z11 -> 11976.63 | AB11: 未打卡一次
A12: 9 | B12: 白媛媛 | C12: 开发报建工程师 | D12: PB | E12: 4500 | F12: 21 | G12: =E12*VLOOKUP(D12,职务序列取数!B:E,2,0) -> 3600 | H12: =E12*VLOOKUP(D12,职务序列取数!B:E,3,0) -> 900 | I12: =E12*VLOOKUP(D12,职务序列取数!B:E,4,0) -> 0 | M12: =27*30 -> 810 | O12: =SUM(J12:N12) -> 810 | P12: =G12/F12 -> 171.42857 | Q12: =H12/F12 -> 42.857143 | R12: =VLOOKUP(B12,考勤!B:AI,34,0) -> 21 | S12: =(P12*R12)+(Q12*R12)+O12 -> 5310 | T12: =405.52 -> 405.52 | U12: 25.35 | V12: 101.38 | W12: 21.12 | X12: 250 | Z12: =SUM(T12:Y12) -> 803.37 | AA12: =S12-Z12 -> 4506.63
A13: 10 | B13: 温进进 | C13: 土建工程师 | D13: PB | E13: 13500 | F13: 21 | G13: =E13*VLOOKUP(D13,职务序列取数!B:E,2,0) -> 10800 | H13: =E13*VLOOKUP(D13,职务序列取数!B:E,3,0) -> 2700 | I13: =E13*VLOOKUP(D13,职务序列取数!B:E,4,0) -> 0 | M13: =19250-20 -> 19230 | O13: =SUM(J13:N13) -> 19230 | P13: =G13/F13 -> 514.28571 | Q13: =H13/F13 -> 128.57143 | R13: =VLOOKUP(B13,考勤!B:AI,34,0) -> 21 | S13: =(P13*R13)+(Q13*R13)+O13 -> 32730 | T13: =405.52 -> 405.52 | U13: 25.35 | V13: 101.38 | W13: 21.12 | X13: 250 | Y13: 1978.86 | Z13: =SUM(T13:Y13) -> 2782.23 | AA13: =S13-Z13 -> 29947.77 | AB13: 未打卡一次
A14: 11 | B14: 尹江 | C14: 水暖工程师 | D14: PB | E14: 12000 | F14: 21 | G14: =E14*VLOOKUP(D14,职务序列取数!B:E,2,0) -> 9600 | H14: =E14*VLOOKUP(D14,职务序列取数!B:E,3,0) -> 2400 | O14: =SUM(J14:N14) -> 0 | P14: =G14/F14 -> 457.14286 | Q14: =H14/F14 -> 114.28571 | R14: =VLOOKUP(B14,考勤!B:AI,34,0) -> 21 | S14: =(P14*R14)+(Q14*R14)+O14 -> 12000 | T14: =405.52 -> 405.52 | U14: 25.35 | V14: 101.38 | W14: 25.35 | X14: 250 | Z14: =SUM(T14:Y14) -> 807.6 | AA14: =S14-Z14 -> 11192.4
A15: 12 | B15: 王跃敏 | C15: 保洁 | D15: PA | E15: 3400 | F15: 26 | G15: 2720 | H15: =E15-G15 -> 680 | O15: =SUM(J15:N15) -> 0 | P15: =G15/F15 -> 104.61538 | Q15: =H15/F15 -> 26.153846 | R15: =VLOOKUP(B15,考勤!B:AI,34,0) -> 26 | S15: =(P15*R15)+(Q15*R15)+O15 -> 3400 | Z15: =SUM(T15:Y15) -> 0 | AA15: =S15-Z15 -> 3400
A16: 13 | B16: 闫金秀 | C16: 置业顾问 | D16: PA | I16: =E16*VLOOKUP(D16,职务序列取数!B:E,4,0) -> 0 | N16: 3207.84 | O16: =SUM(J16:N16) -> 3207.84 | R16: =VLOOKUP(B16,考勤!B:AI,34,0) -> 0 | S16: =(P16*R16)+(Q16*R16)+O16 -> 3207.84 | Z16: =SUM(T16:Y16) -> 0 | AA16: =S16-Z16 -> 3207.84
A17: 14 | B17: 王玉慧 | C17: 营销经理 | D17: PB | N17: 6412.5 | O17: =SUM(J17:N17) -> 6412.5 | S17: =(P17*R17)+(Q17*R17)+O17 -> 6412.5 | Y17: 42.38 | Z17: =SUM(T17:Y17) -> 42.38 | AA17: =S17-Z17 -> 6370.12
B18: 合计 | E18: =SUM(E4:E17) -> 136200 | G18: =SUM(G4:G17) -> 89240 | H18: =SUM(H4:H17) -> 36760 | I18: =SUM(I4:I17) -> 10200 | J18: =SUM(J4:J17) -> 0 | K18: =SUM(K4:K17) -> -2062 | L18: =SUM(L4:L17) -> 0 | M18: =SUM(M4:M17) -> 33140 | N18: =SUM(N4:N17) -> 9620.34 | O18: =SUM(O4:O17) -> 40698.34 | S18: =SUM(S4:S17) -> 166698.34 | T18: =SUM(T4:T17) -> 4055.2 | U18: =SUM(U4:U17) -> 253.5 | V18: =SUM(V4:V17) -> 1013.8 | W18: =SUM(W4:W17) -> 193.19 | X18: =SUM(X4:X17) -> 2700 | Y18: =SUM(Y4:Y17) -> 3614.39 | Z18: =SUM(Z4:Z17) -> 11830.08 | AA18: =SUM(AA4:AA17) -> 154868.26
A19: 注： | B19: 本月中层管理人员预留全额工资15%；徐惠蓉、管丽萍、高建梅其他项为法人补助；白媛媛其他项为产权证办理27户*30元/户费用；刘科、周佳奇、温进、杨文杰其他项为证件费
B21: 单位领导： | K21: 分管领导： | R21: 审核： | Z21: 制表：

Sheet 考勤
A1: 2026 | V1: 6 | X1: 月职工考勤表
B2: 单位: | C2: 新疆通力房地产开发有限公司库尔勒二分公司 | AK2: 46175
A3: 序号 | B3: 姓名 | C3: 职务工种 | D3: 出 勤 情 况 | AI3: 实际出勤天数 | AJ3: 公休节日天数 | AK3: 考 勤 天 数 | AZ3: 员工本人 签字
D4: =V1 -> 6 | T4: 月
D5: 1 | E5: 2 | F5: 3 | G5: 4 | H5: 5 | I5: 6 | J5: 7 | K5: 8 | L5: 9 | M5: 10 | N5: 11 | O5: 12 | P5: 13 | Q5: 14 | R5: 15 | S5: 16 | T5: 17 | U5: 18 | V5: 19 | W5: 20 | X5: 21 | Y5: 22 | Z5: 23 | AA5: 24 | AB5: 25 | AC5: 26 | AD5: 27 | AE5: 28 | AF5: 29 | AG5: 30 | AH5: 31 | AK5: 出勤√ | AL5: 出差 | AM5: 公休 | AN5: 病假 | AO5: 事假 | AP5: 旷工 | AQ5: 工伤 | AR5: 培训 | AS5: 冬休 | AT5: 休假 | AU5: 探亲 | AV5: 产假 | AW5: 陪护假 | AX5: 婚丧假 | AY5: 待岗
A6: 1 | B6: =工资表!B4 -> 李全伟 | C6: =工资表!C4 -> 业务支持中心副总经理 | D6: √ | E6: √ | F6: √ | G6: √ | H6: √ | I6: 公休 | J6: 公休 | K6: √ | L6: √ | M6: √ | N6: √ | O6: √ | P6: 公休 | Q6: 公休 | R6: √ | S6: √ | T6: √ | U6: √ | V6: 公休 | W6: 公休 | X6: 公休 | Y6: √ | Z6: √ | AA6: √ | AB6: √ | AC6: √ | AD6: 公休 | AE6: 公休 | AF6: √ | AG6: √ | AI6: =AK6+AL6+AR6 -> 21 | AJ6: =AM6 -> 9 | AK6: =COUNTIF($D6:$AH6,"√") -> 21 | AL6: =COUNTIF($D6:$AH6,"出差") -> 0 | AM6: =COUNTIF($D6:$AH6,"公休") -> 9 | AN6: =COUNTIF($D6:$AH6,"病假") -> 0 | AO6: =COUNTIF($D6:$AH6,"事假") -> 0 | AP6: =COUNTIF($D6:$AH6,"旷工") -> 0 | AQ6: =COUNTIF($D6:$AH6,"工伤") -> 0 | AR6: =COUNTIF($D6:$AH6,"培训") -> 0 | AS6: =COUNTIF($D6:$AH6,"冬休") -> 0 | AT6: =COUNTIF($D6:$AH6,"休假") -> 0 | AU6: =COUNTIF($D6:$AH6,"探亲") -> 0 | AV6: =COUNTIF($D6:$AH6,"产假") -> 0 | AW6: =COUNTIF($D6:$AH6,"陪护假") -> 0 | AX6: =COUNTIF($D6:$AH6,"婚丧假") -> 0 | AY6: =COUNTIF($D6:$AH6,"待岗") -> 0
A7: 2 | B7: =工资表!B5 -> 杨文杰 | C7: =工资表!C5 -> 工程管理部副经理 | D7: √ | E7: √ | F7: √ | G7: √ | H7: √ | I7: 公休 | J7: 公休 | K7: √ | L7: √ | M7: √ | N7: √ | O7: √ | P7: 公休 | Q7: 公休 | R7: √ | S7: 出差 | T7: 出差 | U7: 出差 | V7: 公休 | W7: 公休 | X7: 公休 | Y7: √ | Z7: √ | AA7: √ | AB7: √ | AC7: √ | AD7: 公休 | AE7: 公休 | AF7: √ | AG7: √ | AI7: =AK7+AL7+AR7 -> 21 | AJ7: =AM7 -> 9 | AK7: =COUNTIF($D7:$AH7,"√") -> 18 | AL7: =COUNTIF($D7:$AH7,"出差") -> 3 | AM7: =COUNTIF($D7:$AH7,"公休") -> 9 | AN7: =COUNTIF($D7:$AH7,"病假") -> 0 | AO7: =COUNTIF($D7:$AH7,"事假") -> 0 | AP7: =COUNTIF($D7:$AH7,"旷工") -> 0 | AQ7: =COUNTIF($D7:$AH7,"工伤") -> 0 | AR7: =COUNTIF($D7:$AH7,"培训") -> 0 | AS7: =COUNTIF($D7:$AH7,"冬休") -> 0 | AT7: =COUNTIF($D7:$AH7,"休假") -> 0 | AU7: =COUNTIF($D7:$AH7,"探亲") -> 0 | AV7: =COUNTIF($D7:$AH7,"产假") -> 0 | AW7: =COUNTIF($D7:$AH7,"陪护假") -> 0 | AX7: =COUNTIF($D7:$AH7,"婚丧假") -> 0 | AY7: =COUNTIF($D7:$AH7,"待岗") -> 0
A8: 3 | B8: =工资表!B6 -> 徐惠蓉 | C8: =工资表!C6 -> 投资开发部副经理 | D8: √ | E8: √ | F8: √ | G8: √ | H8: √ | I8: 公休 | J8: 公休 | K8: √ | L8: √ | M8: √ | N8: √ | O8: √ | P8: 公休 | Q8: 公休 | R8: √ | S8: √ | T8: √ | U8: √ | V8: 公休 | W8: 公休 | X8: 公休 | Y8: √ | Z8: √ | AA8: √ | AB8: √ | AC8: √ | AD8: 公休 | AE8: 公休 | AF8: √ | AG8: √ | AI8: =AK8+AL8+AR8 -> 21 | AJ8: =AM8 -> 9 | AK8: =COUNTIF($D8:$AH8,"√") -> 21 | AL8: =COUNTIF($D8:$AH8,"出差") -> 0 | AM8: =COUNTIF($D8:$AH8,"公休") -> 9 | AN8: =COUNTIF($D8:$AH8,"病假") -> 0 | AO8: =COUNTIF($D8:$AH8,"事假") -> 0 | AP8: =COUNTIF($D8:$AH8,"旷工") -> 0 | AQ8: =COUNTIF($D8:$AH8,"工伤") -> 0 | AR8: =COUNTIF($D8:$AH8,"培训") -> 0 | AS8: =COUNTIF($D8:$AH8,"冬休") -> 0 | AT8: =COUNTIF($D8:$AH8,"休假") -> 0 | AU8: =COUNTIF($D8:$AH8,"探亲") -> 0 | AV8: =COUNTIF($D8:$AH8,"产假") -> 0 | AW8: =COUNTIF($D8:$AH8,"陪护假") -> 0 | AX8: =COUNTIF($D8:$AH8,"婚丧假") -> 0 | AY8: =COUNTIF($D8:$AH8,"待岗") -> 0
A9: 4 | B9: =工资表!B7 -> 沈陈瑾慧 | C9: =工资表!C7 -> 会计 | D9: √ | E9: √ | F9: √ | G9: √ | H9: √ | I9: 公休 | J9: 公休 | K9: √ | L9: √ | M9: √ | N9: √ | O9: √ | P9: 公休 | Q9: 公休 | R9: √ | S9: √ | T9: √ | U9: √ | V9: 公休 | W9: 公休 | X9: 公休 | Y9: √ | Z9: √ | AA9: √ | AB9: √ | AC9: √ | AD9: 公休 | AE9: 公休 | AF9: √ | AG9: √ | AI9: =AK9+AL9+AR9 -> 21 | AJ9: =AM9 -> 9 | AK9: =COUNTIF($D9:$AH9,"√") -> 21 | AL9: =COUNTIF($D9:$AH9,"出差") -> 0 | AM9: =COUNTIF($D9:$AH9,"公休") -> 9 | AN9: =COUNTIF($D9:$AH9,"病假") -> 0 | AO9: =COUNTIF($D9:$AH9,"事假") -> 0 | AP9: =COUNTIF($D9:$AH9,"旷工") -> 0 | AQ9: =COUNTIF($D9:$AH9,"工伤") -> 0 | AR9: =COUNTIF($D9:$AH9,"培训") -> 0 | AS9: =COUNTIF($D9:$AH9,"冬休") -> 0 | AT9: =COUNTIF($D9:$AH9,"休假") -> 0 | AU9: =COUNTIF($D9:$AH9,"探亲") -> 0 | AV9: =COUNTIF($D9:$AH9,"产假") -> 0 | AW9: =COUNTIF($D9:$AH9,"陪护假") -> 0 | AY9: =COUNTIF($D9:$AH9,"待岗") -> 0
A10: 5 | B10: =工资表!B8 -> 管丽萍 | C10: =工资表!C8 -> 人事运营 | D10: √ | E10: √ | F10: √ | G10: √ | H10: √ | I10: 公休 | J10: 公休 | K10: √ | L10: √ | M10: √ | N10: √ | O10: √ | P10: 公休 | Q10: 公休 | R10: √ | S10: √ | T10: √ | U10: √ | V10: 公休 | W10: 公休 | X10: 公休 | Y10: √ | Z10: √ | AA10: √ | AB10: √ | AC10: √ | AD10: 公休 | AE10: 公休 | AF10: √ | AG10: √ | AI10: =AK10+AL10+AR10 -> 21 | AJ10: =AM10 -> 9 | AK10: =COUNTIF($D10:$AH10,"√") -> 21 | AL10: =COUNTIF($D10:$AH10,"出差") -> 0 | AM10: =COUNTIF($D10:$AH10,"公休") -> 9 | AN10: =COUNTIF($D10:$AH10,"病假") -> 0 | AO10: =COUNTIF($D10:$AH10,"事假") -> 0 | AP10: =COUNTIF($D10:$AH10,"旷工") -> 0 | AQ10: =COUNTIF($D10:$AH10,"工伤") -> 0 | AR10: =COUNTIF($D10:$AH10,"培训") -> 0 | AS10: =COUNTIF($D10:$AH10,"冬休") -> 0 | AT10: =COUNTIF($D10:$AH10,"休假") -> 0 | AU10: =COUNTIF($D10:$AH10,"探亲") -> 0 | AV10: =COUNTIF($D10:$AH10,"产假") -> 0 | AW10: =COUNTIF($D10:$AH10,"陪护假") -> 0 | AX10: =COUNTIF($D10:$AH10,"婚丧假") -> 0 | AY10: =COUNTIF($D10:$AH10,"待岗") -> 0
A11: 6 | B11: =工资表!B9 -> 刘科 | C11: =工资表!C9 -> 招采工程师 | D11: √ | E11: √ | F11: √ | G11: √ | H11: √ | I11: 公休 | J11: 公休 | K11: √ | L11: √ | M11: √ | N11: √ | O11: √ | P11: 公休 | Q11: 公休 | R11: √ | S11: √ | T11: √ | U11: √ | V11: 公休 | W11: 公休 | X11: 公休 | Y11: √ | Z11: √ | AA11: √ | AB11: √ | AC11: √ | AD11: 公休 | AE11: 公休 | AF11: √ | AG11: √ | AI11: =AK11+AL11+AR11 -> 21 | AJ11: =AM11 -> 9 | AK11: =COUNTIF($D11:$AH11,"√") -> 21 | AL11: =COUNTIF($D11:$AH11,"出差") -> 0 | AM11: =COUNTIF($D11:$AH11,"公休") -> 9 | AN11: =COUNTIF($D11:$AH11,"病假") -> 0 | AO11: =COUNTIF($D11:$AH11,"事假") -> 0 | AP11: =COUNTIF($D11:$AH11,"旷工") -> 0 | AQ11: =COUNTIF($D11:$AH11,"工伤") -> 0 | AR11: =COUNTIF($D11:$AH11,"培训") -> 0 | AS11: =COUNTIF($D11:$AH11,"冬休") -> 0 | AT11: =COUNTIF($D11:$AH11,"休假") -> 0 | AU11: =COUNTIF($D11:$AH11,"探亲") -> 0 | AV11: =COUNTIF($D11:$AH11,"产假") -> 0 | AW11: =COUNTIF($D11:$AH11,"陪护假") -> 0 | AX11: =COUNTIF($D11:$AH11,"婚丧假") -> 0 | AY11: =COUNTIF($D11:$AH11,"待岗") -> 0
A12: 7 | B12: =工资表!B10 -> 高建梅 | C12: =工资表!C10 -> 出纳 | D12: √ | E12: √ | F12: √ | G12: √ | H12: √ | I12: 公休 | J12: 公休 | K12: √ | L12: √ | M12: √ | N12: √ | O12: √ | P12: 公休 | Q12: 公休 | R12: √ | S12: √ | T12: √ | U12: √ | V12: 公休 | W12: 公休 | X12: 公休 | Y12: √ | Z12: √ | AA12: √ | AB12: √ | AC12: √ | AD12: 公休 | AE12: 公休 | AF12: √ | AG12: √ | AI12: =AK12+AL12+AR12 -> 21 | AJ12: =AM12 -> 9 | AK12: =COUNTIF($D12:$AH12,"√") -> 21 | AL12: =COUNTIF($D12:$AH12,"出差") -> 0 | AM12: =COUNTIF($D12:$AH12,"公休") -> 9 | AN12: =COUNTIF($D12:$AH12,"病假") -> 0 | AO12: =COUNTIF($D12:$AH12,"事假") -> 0 | AP12: =COUNTIF($D12:$AH12,"旷工") -> 0 | AQ12: =COUNTIF($D12:$AH12,"工伤") -> 0 | AR12: =COUNTIF($D12:$AH12,"培训") -> 0 | AS12: =COUNTIF($D12:$AH12,"冬休") -> 0 | AT12: =COUNTIF($D12:$AH12,"休假") -> 0 | AU12: =COUNTIF($D12:$AH12,"探亲") -> 0 | AV12: =COUNTIF($D12:$AH12,"产假") -> 0 | AW12: =COUNTIF($D12:$AH12,"陪护假") -> 0 | AX12: =COUNTIF($D12:$AH12,"婚丧假") -> 0 | AY12: =COUNTIF($D12:$AH12,"待岗") -> 0
A13: 8 | B13: =工资表!B11 -> 周佳奇 | C13: =工资表!C11 -> 造价工程师 | D13: √ | E13: √ | F13: √ | G13: √ | H13: √ | I13: 公休 | J13: 公休 | K13: √ | L13: √ | M13: √ | N13: √ | O13: √ | P13: 公休 | Q13: 公休 | R13: √ | S13: √ | T13: √ | U13: √ | V13: 公休 | W13: 公休 | X13: 公休 | Y13: √ | Z13: √ | AA13: √ | AB13: √ | AC13: √ | AD13: 公休 | AE13: 公休 | AF13: √ | AG13: √ | AI13: =AK13+AL13+AR13 -> 21 | AJ13: =AM13 -> 9 | AK13: =COUNTIF($D13:$AH13,"√") -> 21 | AL13: =COUNTIF($D13:$AH13,"出差") -> 0 | AM13: =COUNTIF($D13:$AH13,"公休") -> 9 | AN13: =COUNTIF($D13:$AH13,"病假") -> 0 | AO13: =COUNTIF($D13:$AH13,"事假") -> 0 | AP13: =COUNTIF($D13:$AH13,"旷工") -> 0 | AQ13: =COUNTIF($D13:$AH13,"工伤") -> 0 | AR13: =COUNTIF($D13:$AH13,"培训") -> 0 | AS13: =COUNTIF($D13:$AH13,"冬休") -> 0 | AT13: =COUNTIF($D13:$AH13,"休假") -> 0 | AU13: =COUNTIF($D13:$AH13,"探亲") -> 0 | AV13: =COUNTIF($D13:$AH13,"产假") -> 0 | AW13: =COUNTIF($D13:$AH13,"陪护假") -> 0 | AX13: =COUNTIF($D13:$AH13,"婚丧假") -> 0 | AY13: =COUNTIF($D13:$AH13,"待岗") -> 0
A14: 9 | B14: =工资表!B12 -> 白媛媛 | C14: =工资表!C12 -> 开发报建工程师 | D14: √ | E14: √ | F14: √ | G14: √ | H14: √ | I14: 公休 | J14: 公休 | K14: √ | L14: √ | M14: √ | N14: √ | O14: √ | P14: 公休 | Q14: 公休 | R14: √ | S14: √ | T14: √ | U14: √ | V14: 公休 | W14: 公休 | X14: 公休 | Y14: √ | Z14: √ | AA14: √ | AB14: √ | AC14: √ | AD14: 公休 | AE14: 公休 | AF14: √ | AG14: √ | AI14: =AK14+AL14+AR14 -> 21 | AJ14: =AM14 -> 9 | AK14: =COUNTIF($D14:$AH14,"√") -> 21 | AL14: =COUNTIF($D14:$AH14,"出差") -> 0 | AM14: =COUNTIF($D14:$AH14,"公休") -> 9 | AN14: =COUNTIF($D14:$AH14,"病假") -> 0 | AO14: =COUNTIF($D14:$AH14,"事假") -> 0 | AP14: =COUNTIF($D14:$AH14,"旷工") -> 0 | AQ14: =COUNTIF($D14:$AH14,"工伤") -> 0 | AR14: =COUNTIF($D14:$AH14,"培训") -> 0 | AS14: =COUNTIF($D14:$AH14,"冬休") -> 0 | AT14: =COUNTIF($D14:$AH14,"休假") -> 0 | AU14: =COUNTIF($D14:$AH14,"探亲") -> 0 | AV14: =COUNTIF($D14:$AH14,"产假") -> 0 | AW14: =COUNTIF($D14:$AH14,"陪护假") -> 0 | AX14: =COUNTIF($D14:$AH14,"婚丧假") -> 0 | AY14: =COUNTIF($D14:$AH14,"待岗") -> 0
A15: 10 | B15: =工资表!B13 -> 温进进 | C15: =工资表!C13 -> 土建工程师 | D15: √ | E15: √ | F15: √ | G15: √ | H15: √ | I15: 公休 | J15: 公休 | K15: √ | L15: √ | M15: √ | N15: √ | O15: √ | P15: 公休 | Q15: 公休 | R15: √ | S15: √ | T15: √ | U15: √ | V15: 公休 | W15: 公休 | X15: 公休 | Y15: √ | Z15: √ | AA15: √ | AB15: √ | AC15: √ | AD15: 公休 | AE15: 公休 | AF15: √ | AG15: √ | AI15: =AK15+AL15+AR15 -> 21 | AJ15: =AM15 -> 9 | AK15: =COUNTIF($D15:$AH15,"√") -> 21 | AL15: =COUNTIF($D15:$AH15,"出差") -> 0 | AM15: =COUNTIF($D15:$AH15,"公休") -> 9 | AN15: =COUNTIF($D15:$AH15,"病假") -> 0 | AO15: =COUNTIF($D15:$AH15,"事假") -> 0 | AP15: =COUNTIF($D15:$AH15,"旷工") -> 0 | AQ15: =COUNTIF($D15:$AH15,"工伤") -> 0 | AR15: =COUNTIF($D15:$AH15,"培训") -> 0 | AS15: =COUNTIF($D15:$AH15,"冬休") -> 0 | AT15: =COUNTIF($D15:$AH15,"休假") -> 0 | AU15: =COUNTIF($D15:$AH15,"探亲") -> 0 | AV15: =COUNTIF($D15:$AH15,"产假") -> 0 | AW15: =COUNTIF($D15:$AH15,"陪护假") -> 0 | AX15: =COUNTIF($D15:$AH15,"婚丧假") -> 0 | AY15: =COUNTIF($D15:$AH15,"待岗") -> 0
A16: 11 | B16: =工资表!B14 -> 尹江 | C16: =工资表!C14 -> 水暖工程师 | D16: √ | E16: √ | F16: √ | G16: √ | H16: √ | I16: 公休 | J16: 公休 | K16: √ | L16: √ | M16: √ | N16: √ | O16: √ | P16: 公休 | Q16: 公休 | R16: √ | S16: 出差 | T16: 出差 | U16: 出差 | V16: 公休 | W16: 公休 | X16: 公休 | Y16: √ | Z16: √ | AA16: √ | AB16: √ | AC16: √ | AD16: 公休 | AE16: 公休 | AF16: √ | AG16: √ | AI16: =AK16+AL16+AR16 -> 21 | AJ16: =AM16 -> 9 | AK16: =COUNTIF($D16:$AH16,"√") -> 18 | AL16: =COUNTIF($D16:$AH16,"出差") -> 3 | AM16: =COUNTIF($D16:$AH16,"公休") -> 9
A17: 12 | B17: =工资表!B15 -> 王跃敏 | C17: =工资表!C15 -> 保洁 | D17: √ | E17: √ | F17: √ | G17: √ | H17: 公休 | I17: √ | J17: √ | K17: √ | L17: √ | M17: √ | N17: √ | O17: 公休 | P17: √ | Q17: √ | R17: √ | S17: √ | T17: √ | U17: √ | V17: √ | W17: √ | X17: √ | Y17: √ | Z17: √ | AA17: 公休 | AB17: √ | AC17: √ | AD17: √ | AE17: √ | AF17: √ | AG17: 公休 | AI17: =AK17+AL17+AR17 -> 26 | AJ17: =AM17 -> 4 | AK17: =COUNTIF($D17:$AH17,"√") -> 26 | AL17: =COUNTIF($D17:$AH17,"出差") -> 0 | AM17: =COUNTIF($D17:$AH17,"公休") -> 4 | AN17: =COUNTIF($D17:$AH17,"病假") -> 0 | AO17: =COUNTIF($D17:$AH17,"事假") -> 0 | AP17: =COUNTIF($D17:$AH17,"旷工") -> 0 | AQ17: =COUNTIF($D17:$AH17,"工伤") -> 0 | AR17: =COUNTIF($D17:$AH17,"培训") -> 0 | AS17: =COUNTIF($D17:$AH17,"冬休") -> 0 | AT17: =COUNTIF($D17:$AH17,"休假") -> 0 | AU17: =COUNTIF($D17:$AH17,"探亲") -> 0 | AV17: =COUNTIF($D17:$AH17,"产假") -> 0 | AW17: =COUNTIF($D17:$AH17,"陪护假") -> 0 | AX17: =COUNTIF($D17:$AH17,"婚丧假") -> 0 | AY17: =COUNTIF($D17:$AH17,"待岗") -> 0
A18: 13 | B18: =工资表!B16 -> 闫金秀 | C18: =工资表!C16 -> 置业顾问 | AI18: =AK18+AL18+AR18 -> 0 | AJ18: =AM18 -> 0 | AK18: =COUNTIF($D18:$AH18,"√") -> 0 | AL18: =COUNTIF($D18:$AH18,"出差") -> 0 | AM18: =COUNTIF($D18:$AH18,"公休") -> 0 | AN18: =COUNTIF($D18:$AH18,"病假") -> 0 | AO18: =COUNTIF($D18:$AH18,"事假") -> 0 | AP18: =COUNTIF($D18:$AH18,"旷工") -> 0 | AQ18: =COUNTIF($D18:$AH18,"工伤") -> 0 | AR18: =COUNTIF($D18:$AH18,"培训") -> 0 | AS18: =COUNTIF($D18:$AH18,"冬休") -> 0 | AT18: =COUNTIF($D18:$AH18,"休假") -> 0 | AU18: =COUNTIF($D18:$AH18,"探亲") -> 0 | AV18: =COUNTIF($D18:$AH18,"产假") -> 0 | AW18: =COUNTIF($D18:$AH18,"陪护假") -> 0 | AX18: =COUNTIF($D18:$AH18,"婚丧假") -> 0 | AY18: =COUNTIF($D18:$AH18,"待岗") -> 0
B20: 注：
E21: 单位领导： | V21: 审核： | AI21: 制表：

Sheet 校验
A2: 序号 | B2: 姓名 | C2: 实际出勤天数 | D2: 月工资标准 | E2: 月度应发 | F2: 差额
A3: 1 | B3: =工资表!B4 -> 李全伟 | C3: =工资表!R4 -> 21 | D3: =(VLOOKUP(B3,工资表!B4:G13,6,0)+VLOOKUP(B3,工资表!B4:H13,7,0))/工资表!F4*VLOOKUP(B3,考勤!B6:AI15,34,0) -> 25500 | E3: =VLOOKUP(B3,工资表!B4:S13,18,0) -> 23418 | F3: =D3-E3 -> 2082
A4: 2 | B4: =工资表!B5 -> 杨文杰 | C4: =工资表!R5 -> 21 | D4: =(VLOOKUP(B4,工资表!B5:G14,6,0)+VLOOKUP(B4,工资表!B5:H14,7,0))/工资表!F5*VLOOKUP(B4,考勤!B7:AI16,34,0) -> 17000 | E4: =VLOOKUP(B4,工资表!B5:S14,18,0) -> 21980 | F4: =D4-E4 -> -4980 | G4: 扣款
A5: 3 | B5: =工资表!#REF! -> #REF! | C5: =工资表!#REF! -> #REF! | D5: =(VLOOKUP(B5,工资表!B6:G14,6,0)+VLOOKUP(B5,工资表!B6:H14,7,0))/工资表!#REF!*VLOOKUP(B5,考勤!B8:AI16,34,0) -> #REF! | E5: =VLOOKUP(B5,工资表!B6:S14,18,0) -> #REF! | F5: =D5-E5 -> #REF!
A6: 4 | B6: =工资表!B6 -> 徐惠蓉 | C6: =工资表!R6 -> 21 | D6: =(VLOOKUP(B6,工资表!B6:G14,6,0)+VLOOKUP(B6,工资表!B6:H14,7,0))/工资表!F6*VLOOKUP(B6,考勤!B8:AI16,34,0) -> 15300 | E6: =VLOOKUP(B6,工资表!B6:S14,18,0) -> 15580 | F6: =D6-E6 -> -280 | G6: 补贴
A7: 5 | B7: =工资表!B7 -> 沈陈瑾慧 | C7: =工资表!R7 -> 21 | D7: =(VLOOKUP(B7,工资表!B7:G14,6,0)+VLOOKUP(B7,工资表!B7:H14,7,0))/工资表!F7*VLOOKUP(B7,考勤!B9:AI16,34,0) -> 7000 | E7: =VLOOKUP(B7,工资表!B7:S14,18,0) -> 7000 | F7: =D7-E7 -> -8.1854523e-12 | G7: 扣款
A8: 6 | B8: =工资表!B8 -> 管丽萍 | C8: =工资表!R8 -> 21 | D8: =(VLOOKUP(B8,工资表!B8:G14,6,0)+VLOOKUP(B8,工资表!B8:H14,7,0))/工资表!F8*VLOOKUP(B8,考勤!B10:AI16,34,0) -> 6000 | E8: =VLOOKUP(B8,工资表!B8:S14,18,0) -> 6700 | F8: =D8-E8 -> -700 | G8: 补贴
A9: 7 | B9: =工资表!B9 -> 刘科 | C9: =工资表!R9 -> 21 | D9: =(VLOOKUP(B9,工资表!B9:G14,6,0)+VLOOKUP(B9,工资表!B9:H14,7,0))/工资表!F9*VLOOKUP(B9,考勤!B11:AI16,34,0) -> 7500 | E9: =VLOOKUP(B9,工资表!B9:S14,18,0) -> 9480 | F9: =D9-E9 -> -1980
A10: 8 | B10: =工资表!B10 -> 高建梅 | C10: =工资表!R10 -> 21 | D10: =(VLOOKUP(B10,工资表!B10:G16,6,0)+VLOOKUP(B10,工资表!B10:H16,7,0))/工资表!F10*VLOOKUP(B10,考勤!B12:AI17,34,0) -> 6500 | E10: =VLOOKUP(B10,工资表!B10:S16,18,0) -> 6700 | F10: =D10-E10 -> -200 | G10: 补贴
A11: 9 | B11: =工资表!B11 -> 周佳奇 | C11: =工资表!R11 -> 21 | D11: =(VLOOKUP(B11,工资表!B11:G16,6,0)+VLOOKUP(B11,工资表!B11:H16,7,0))/工资表!F11*VLOOKUP(B11,考勤!B13:AI17,34,0) -> 7800 | E11: =VLOOKUP(B11,工资表!B11:S16,18,0) -> 12780 | F11: =D11-E11 -> -4980
A12: 10 | B12: =工资表!B12 -> 白媛媛 | C12: =工资表!R12 -> 21 | D12: =(VLOOKUP(B12,工资表!B12:G16,6,0)+VLOOKUP(B12,工资表!B12:H16,7,0))/工资表!F12*VLOOKUP(B12,考勤!B14:AI17,34,0) -> 4500 | E12: =VLOOKUP(B12,工资表!B12:S16,18,0) -> 5310 | F12: =D12-E12 -> -810 | G12: 办证费
A13: 11 | B13: =工资表!B13 -> 温进进 | C13: =工资表!R13 -> 21 | D13: =(VLOOKUP(B13,工资表!B13:G16,6,0)+VLOOKUP(B13,工资表!B13:H16,7,0))/工资表!F13*VLOOKUP(B13,考勤!B15:AI17,34,0) -> 13500 | E13: =VLOOKUP(B13,工资表!B13:S16,18,0) -> 32730 | F13: =D13-E13 -> -19230
A14: 12 | B14: =工资表!B14 -> 尹江 | C14: =工资表!R14 -> 21 | D14: =(VLOOKUP(B14,工资表!B14:G16,6,0)+VLOOKUP(B14,工资表!B14:H16,7,0))/工资表!F14*VLOOKUP(B14,考勤!B16:AI17,34,0) -> 12000 | E14: =VLOOKUP(B14,工资表!B14:S16,18,0) -> 12000 | F14: =D14-E14 -> 0
A15: 13 | B15: =工资表!#REF! -> #REF! | C15: =工资表!#REF! -> #REF! | D15: =(VLOOKUP(B15,工资表!B16:G16,6,0)+VLOOKUP(B15,工资表!B16:H16,7,0))/工资表!#REF!*VLOOKUP(B15,考勤!B17:AI17,34,0) -> #REF! | E15: =VLOOKUP(B15,工资表!B16:S16,18,0) -> #REF! | F15: =D15-E15 -> #REF!
A16: 14 | B16: =工资表!#REF! -> #REF! | C16: =工资表!#REF! -> #REF! | D16: =(VLOOKUP(B16,工资表!B16:G16,6,0)+VLOOKUP(B16,工资表!B16:H16,7,0))/工资表!#REF!*VLOOKUP(B16,考勤!B17:AI17,34,0) -> #REF! | E16: =VLOOKUP(B16,工资表!B16:S16,18,0) -> #REF! | F16: =D16-E16 -> #REF!
A17: 15 | B17: =工资表!#REF! -> #REF! | C17: =工资表!#REF! -> #REF! | D17: =(VLOOKUP(B17,工资表!B16:G16,6,0)+VLOOKUP(B17,工资表!B16:H16,7,0))/工资表!#REF!*VLOOKUP(B17,考勤!B17:AI17,34,0) -> #REF! | E17: =VLOOKUP(B17,工资表!B16:S16,18,0) -> #REF! | F17: =D17-E17 -> #REF! | G17: 佣金
A18: 16 | B18: =工资表!#REF! -> #REF! | C18: =工资表!#REF! -> #REF! | D18: =(VLOOKUP(B18,工资表!B16:G16,6,0)+VLOOKUP(B18,工资表!B16:H16,7,0))/工资表!#REF!*VLOOKUP(B18,考勤!B17:AI17,34,0) -> #REF! | E18: =VLOOKUP(B18,工资表!B16:S16,18,0) -> #REF! | F18: =D18-E18 -> #REF! | G18: 佣金
A19: 17 | B19: =工资表!B16 -> 闫金秀 | C19: =工资表!R16 -> 0 | D19: =(VLOOKUP(B19,工资表!B16:G16,6,0)+VLOOKUP(B19,工资表!B16:H16,7,0))/工资表!F16*VLOOKUP(B19,考勤!B17:AI17,34,0) -> #DIV/0! | E19: =VLOOKUP(B19,工资表!B16:S16,18,0) -> 3207.84 | F19: =D19-E19 -> #DIV/0! | G19: 佣金
A20: 18 | B20: =工资表!#REF! -> #REF! | C20: =工资表!#REF! -> #REF! | D20: =(VLOOKUP(B20,工资表!#REF!,6,0)+VLOOKUP(B20,工资表!#REF!,7,0))/工资表!#REF!*VLOOKUP(B20,考勤!B18:AI18,34,0) -> #REF! | E20: =VLOOKUP(B20,工资表!#REF!,18,0) -> #REF! | F20: =D20-E20 -> #REF! | G20: 佣金
A21: 19 | B21: =工资表!#REF! -> #REF! | C21: =工资表!#REF! -> #REF! | D21: =(VLOOKUP(B21,工资表!B18:G18,6,0)+VLOOKUP(B21,工资表!B18:H18,7,0))/工资表!#REF!*VLOOKUP(B21,考勤!B18:AI19,34,0) -> #REF! | E21: =VLOOKUP(B21,工资表!B18:S18,18,0) -> #REF! | F21: =D21-E21 -> #REF! | G21: 佣金
A22: 20 | B22: =工资表!#REF! -> #REF! | C22: =工资表!#REF! -> #REF! | D22: 0 | E22: =VLOOKUP(B22,工资表!B18:S27,18,0) -> #REF! | F22: =D22-E22 -> #REF! | G22: 佣金
D26: =(VLOOKUP(B22,工资表!B18:G46,6,0)+VLOOKUP(B22,工资表!B18:H46,7,0))/工资表!F18*VLOOKUP(B22,考勤!B19:AI48,34,0) -> #REF! | E26: =VLOOKUP(B22,工资表!B18:S46,17,0) -> #REF!

Sheet 职务序列取数
B2: 职务序列 | C2: 月度基本工资比例 | D2: 月度绩效奖金比例 | E2: 年度奖金比例
B3: A1 | C3: 1 | D3: 0 | E3: 0
B4: A2 | C4: 0.375 | D4: 0.375 | E4: 0.25
B5: A3 | C5: 0.375 | D5: 0.375 | E5: 0.25
B6: A4 | C6: 0.375 | D6: 0.375 | E6: 0.25
B7: A5 | C7: 0.375 | D7: 0.375 | E7: 0.25
B8: M1 | C8: 0.51 | D8: 0.34 | E8: 0.15
B9: M2 | C9: 0.51 | D9: 0.34 | E9: 0.15
B10: M3 | C10: 0.51 | D10: 0.34 | E10: 0.15
B11: PM | C11: 0.7 | D11: 0.3 | E11: 0
B12: PB | C12: 0.8 | D12: 0.2 | E12: 0
B13: PA
